 Dungeon Crawl Stone Soup version 0.28-a0-1486-g8196b01e9b (webtiles) character file.

Game seed: 17623835471310018707

144 ChronoRanger the Poker (level 5, -2/41 HPs)
             Began as a Merfolk Gladiator on Jan 12, 2022.
             Slain by an orc (8 damage)
             ... on level 3 of the Dungeon.
             The game lasted 00:04:22 (2802 turns).

ChronoRanger the Poker (Merfolk Gladiator)          Turns: 2802, Time: 00:04:22

Health: -2/41      AC:  4    Str: 16    XL:     5   Next: 26%
Magic:  5/5        EV: 14    Int:  7    God:
Gold:   172        SH:  0    Dex: 16    Spells: 4/4 levels left

rFire   . . .      SeeInvis .   a - +0 trident
rCold   . . .      Faith    .   k - orb {mayhem}
rNeg    . . .      Spirit   .   b - +0 leather armour
rPois   .          Reflect  .   c - +0 helmet
rElec   .          Harm     .   (no cloak)
rCorr   .          Rampage  .   (no gloves)
Will    .....                   (no boots)
Stlth   +.........              (no amulet)
HPRegen 0.13/turn               (no ring)
MPRegen 0.09/turn               (no ring)

@: no status effects
A: (nimble swimmer 2), mertail
a: no special abilities


You were on level 3 of the Dungeon.
You visited 1 branch of the dungeon, and saw 3 of its levels.

You collected 172 gold pieces.

Inventory:

Hand Weapons
 a - a +0 trident (weapon)
Missiles
 d - 3 throwing nets (quivered)
 f - 26 poisoned darts
Armour
 b - a +0 leather armour (worn)
 c - a +0 helmet (worn)
 j - an orb of wrath
 k - an orb of mayhem (worn)
Scrolls
 e - 2 scrolls of identify {unknown}
 g - a scroll of noise {unknown}
Potions
 h - a potion of curing {unknown}
 i - a potion of lignification {unknown}


   Skills:
 + Level 3.4 Fighting
 * Level 6.7 Polearms
 - Level 2.0 Throwing
 + Level 5.1 Dodging


You had 4 spell levels left.
You didn't know any spells.
Your spell library contained the following spells:

 Spells                   Type           Power      Damage    Failure   Level
 Sublimation of Blood     Necr           0%         N/A       65%         2
 Petrify                  Tmut/Erth      0%         N/A       99%         4
 Irradiate                Conj/Tmut      0%         3d14      100%        5


Dungeon Overview and Level Annotations

Branches:
Dungeon (3/15)

Altars:

Shops:
D:2 (


Innate Abilities, Weirdness & Mutations

((You are very nimble when in or above water. (Stealth+, EV+, Speed+++)))
Your lower body shifts to a powerful aquatic tail in water.


Message History

The orc priest is moderately wounded.
The orc priest misses you.
You hit the orc priest.
The orc priest is moderately wounded.
The orc priest barely misses you. The orc priest completely misses you.
You closely miss the orc priest.
The orc priest is moderately wounded.
The orc priest hits you with a +0 falchion.
You puncture the orc priest!
The orc priest is almost dead.
The orc priest hits you with a +0 falchion!
* * * LOW HITPOINT WARNING * * *
An orc comes into view. It is wielding a +0 whip.
The orc priest hits you with a +0 falchion!
* * * LOW HITPOINT WARNING * * *
You barely miss the orc priest.
The orc priest is almost dead.
The orc shouts!
You hear a shout!
The orc priest hits you with a +0 falchion!
* * * LOW HITPOINT WARNING * * *
You puncture the orc priest!
You kill the orc priest!
The orc flies into a frenzy!
The orc shouts!
There is an open door here.
Things that are here:
a +0 mace; an orc corpse
Press: ? - help, v - describe, . - travel
Here: an orc, wielding a +0 whip and wearing a +0 scale mail (fast, strong, frenzied and insane)
The floor.
The orc shouts!
Things that are here:
a +0 short sword; a +0 leather armour; an orc corpse The orc shouts!
The orc closely misses you.
The orc shouts!
The orc barely misses you.
The orc shouts!
The orc hits you with a +0 whip!
You die...

#. #. #. ############ ########
#####. ...........#
#......######..... ...........#
#.####............ ...(.......#
##.##########......
..........)####..........##......
....†......))..o@.........>.#.#..
....)......####.########.#..#....
...........####+### #.#..#.##.
.......##'#.......## #.#..#....
###.##.##.#........# #.#..#.###
... #.##.#........# #.#.......
#... #..#.#........# ##.#..#.#..
#... ##.#.#........# #..........
#... ##...#.......## ##....#.###


You could see a neutral orc (fast, strong, insane).

Vanquished Creatures
  An orc priest (D:3)
  5 adders (D:2)
  2 worms (D:2)
  A dart slug (D:1)
  2 orcs (D:3)
  3 bats (D:1)
  6 endoplasms
  2 giant cockroaches (D:1)
  7 hobgoblins
  3 jackals (D:3)
  2 quokkas
  3 ball pythons
  4 frilled lizards
  6 goblins
  5 kobolds
  5 rats
57 creatures vanquished.

Vanquished Creatures (collateral kills)
  An orc (D:3)
1 creature vanquished.

Grand Total: 58 creatures vanquished

Notes
Turn   | Place    | Note
-------+----------+-------------------------------------------
     0 | D:1      | ChronoRanger the Merfolk Gladiator began the quest for the
                  | Orb.
     0 | D:1      | Reached XP level 1. HP: 16/16 MP: 1/1
   249 | D:1      | Found a faded altar of an unknown god.
   395 | D:1      | Reached XP level 2. HP: 18/23 MP: 2/2
   480 | D:1      | Reached skill level 5 in Polearms
   935 | D:1      | Reached XP level 3. HP: 28/28 MP: 3/3
  1169 | D:2      | Reached XP level 4. HP: 35/35 MP: 4/4
  1300 | D:2      | Reached skill level 6 in Polearms
  2215 | D:2      | Found Voxzy's Antique Weapon Boutique.
  2756 | D:3      | Reached skill level 5 in Dodging
  2786 | D:3      | Reached XP level 5. HP: 29/41 MP: 5/5
  2802 | D:3      | Slain by an orc

Illustrated notes

Levels and vault maps discovered:
D:1:      sevenhm_arrival_forest_fort_large_3, layout_basic,
          hellmonk_ecumenical_altar_arch_garden, nrook_mini_vaults
D:2:      layout_basic, serial_shops, nicolae_shop_behind_doors
D:3:      layout_basic, serial_shops, shop_fountains

Skill      XL: |  1  2  3  4 |
---------------+-------------+-----
Polearms       | 5 6 |  6.7
Fighting       | 3 |  3.4
Dodging        | 5 |  5.1
Throwing       | |  2.0

Action                   |  1- 3 |  4- 6 || total
-------------------------+-------+-------++-------
Melee: Trident           |   107 |   100 ||   207
       Punch             |       |     1 ||     1
 Stab: Sleeping          |     2 |     1 ||     3
Armor: Leather armour    |    24 |    17 ||    41
Dodge: Dodged            |    54 |    49 ||   103

Table legend: (Time is in decaauts)
 A = Elapsed time spent in this place.
 B = Non-inter-level travel time spent in this place.
 C = Inter-level travel time spent in this place.
 D = Time resting spent in this place.
 E = Time spent auto-exploring this place.
 F = Levels seen in this place.
 G = Mean time per level.
                   A        B        C        D        E       F      G
               +--------+--------+--------+--------+--------+-----+--------+
         Total |   2804 |   2712 |     92 |    222 |   2034 |   3 |  934.7 |
       Dungeon |   2804 |   2712 |     92 |    222 |   2034 |   3 |  934.7 |
               +--------+--------+--------+--------+--------+-----+--------+

Top non-repeatable levels by time:
     D:2: 1304 daAuts
     D:1: 1010 daAuts
     D:3: 490 daAuts
